 Dungeon Crawl Stone Soup version 0.21.0 (webtiles) character file.

98 theanonym the Chopper (level 5, -1/42 HPs)
             Began as a Human Abyssal Knight on Jan 7, 2018.
             Was a Follower of Lugonu.
             Killed from afar by Sigmund (7 damage)
             ... with a puff of flame
             ... on level 2 of the Dungeon.
             The game lasted 00:03:46 (2165 turns).

theanonym the Chopper (Human Abyssal Knight)        Turns: 2165, Time: 00:03:47

Health: -1/42      AC: 10    Str: 13    XL:     5   Next: 1%
Magic:  6/6        EV:  6    Int: 13    God:    Lugonu [*.....]
Gold:   100        SH:  0    Dex: 12    Spells: 4/4 levels left

rFire    . . .     SeeInvis .   a - +1 hand axe
rCold    . . .     Gourm    .   (no shield)
rNeg     . . .     Faith    .   k - +0 chain mail
rPois    .         Spirit   .   d - +1 helmet
rElec    .         Reflect  .   (no cloak)
rCorr    .         Harm     .   (no gloves)
MR       .....                  (no boots)
Stlth    ..........             (no amulet)
HPRegen  0.14/turn              (no ring)
MPRegen  0.10/turn              (no ring)

@: no status effects
A: no striking features
a: Depart the Abyss, Renounce Religion


   Skills:
 + Level 3.8 Fighting
 * Level 3.8 Axes
 - Level 2.1 Armour
 - Level 1.2 Dodging
 - Level 2.1 Invocations


You had 4 spell levels left.
You didn't know any spells.

Skill      XL: |  1  2  3 |
---------------+----------+-----
Axes           | 3 |  3.8
Fighting       | |  3.8
Armour         | |  2.1
Dodging        | |  1.2
Invocations    | |  2.1

Action                   |  1- 3 |  4- 6 || total
-------------------------+-------+-------++-------
Melee: Hand axe          |    89 |    78 ||   167
Invok: Depart the Abyss  |     1 |       ||     1
  Use: Scroll            |     3 |       ||     3
       Potion            |       |     2 ||     2
  Eat: Chunk             |       |     3 ||     3
Armor: Leather armour    |    16 |       ||    16
       Ring mail         |    26 |       ||    26
       Chain mail        |    20 |    39 ||    59
       Scale mail        |     5 |       ||     5
Dodge: Dodged            |    75 |    30 ||   105

Inventory:

Hand Weapons
 a - a +1 hand axe (weapon)
 h - a +0 hunting sling
   (You found it on level 1 of the Dungeon)
Armour
 b - a +0 leather armour {4}
 d - a +1 helmet (worn)
   (You found it on level 1 of the Dungeon)
 g - a +0 ring mail {7}
   (You found it on level 1 of the Dungeon)
 i - a +0 scale mail {10}
   (You found it on level 1 of the Dungeon)
 k - a +0 chain mail (worn)
   (You found it on level 1 of the Dungeon)
Scrolls
 c - a scroll of enchant armour
 r - a scroll of identify
Comestibles
 e - 4 rations


You were on level 2 of the Dungeon.
You worshipped Lugonu.
Lugonu was aware of your devotion.
You were very hungry.

You visited 1 branch of the dungeon, and saw 2 of its levels.
You visited the Abyss 1 time.

You collected 100 gold pieces.

Dungeon Overview and Level Annotations

Branches:
Dungeon (2/15)

Altars:

Annotations:
D:2 Sigmund

#.# *,* .........# #.# *.#
.........##** #.# *.#
..........,,, #.# *.#
.........##** #.# *.# ..........#
* ## #.# *.# ..........### .# #.#
*.##.......)..†..
.#######.########{..........#####
................@..(.......>.....
.##....#.####.#........#####..###
.##....#.................###.##
.##....######.#..............#
....#### #.####.#.........# #.#.#
#.##...#.........# #.#.#
######.##...#####.#...#
#.#.####...........#####.#.#.#
...........r...............#.#


There were no monsters in sight!

Notes
Turn   | Place    | Note
-------+----------+-------------------------------------------
     0 | Abyss:1  | theanonym the Human Abyssal Knight began the quest for the Orb.
     0 | Abyss:1  | Reached XP level 1. HP: 18/18 MP: 2/2
     5 | Abyss:1  | Noticed a bone dragon
    15 | Abyss:1  | Found a corrupted altar of Lugonu.
    29 | Abyss:1  | Noticed a golden eye
    29 | Abyss:1  | Noticed a golden eye
    30 | D:1      | Escaped the Abyss
    82 | D:1      | Reached XP level 2. HP: 24/24 MP: 3/3
   277 | D:1      | Reached * piety under Lugonu
   462 | D:1      | Reached XP level 3. HP: 27/29 MP: 4/4
  1066 | D:1      | Reached skill level 3 in Axes
  1066 | D:1      | Reached XP level 4. HP: 22/35 MP: 5/5
  1787 | D:2      | Noticed Sigmund
  1800 | D:2      | Reached XP level 5. HP: 35/42 MP: 6/6
  1811 | D:2      | HP: 15/42 [something/puff of flame (8)]
  1816 | D:2      | HP: 14/42 [poisoned by an adder]
  1824 | D:2      | HP: 13/42 [poisoned by an adder]
  2153 | D:2      | HP: 19/42 [something (3)]
  2159 | D:2      | HP: 10/42 [something (1)]
  2165 | D:2      | Killed from afar by Sigmund

Vanquished Creatures
  A hound (D:1)
  3 adders (D:2)
  2 dart slugs
  3 leopard geckos
  4 bats (D:1)
  A giant cockroach (D:1)
  A goblin (D:1)
  3 hobgoblins
  3 jackals (D:1)
  A quokka (D:2)
  3 frilled lizards
  5 kobolds (D:1)
  4 rats
34 creatures vanquished.

Table legend:
 A = Turns spent in this place as a percentage of turns spent in the entire game.
 B = Non-inter-level travel turns spent in this place as a percentage of non-inter-level travel turns spent in the entire game.
 C = Inter-level travel turns spent in this place as a percentage of turns spent in this place.
 D = Turns resting spent in this place as a percentage of non-inter-level travel turns spent in this place.
 E = Turns spent auto-exploring this place as a percentage of non-inter-level travel turns spent in this place.
 F = Non-inter-level travel turns spent in this place divided by the number of levels of this place that you've seen.
                   A       B       C       D       E      F
               +-------+-------+-------+-------+-------+----------------------
         Total | 100.0 | 100.0 |   7.3 |  22.6 |  57.7 | 668.7
       Dungeon |  98.6 |  98.5 |   7.4 |  23.0 |  58.3 | 988.0
         Abyss |   1.4 |   1.5 |   0.0 |   0.0 |  16.7 |  30.0
               +-------+-------+-------+-------+-------+----------------------
